AoeStats
← Solboss

Lombardia

509177716Analyzed
2v2 RM · 6d ago on Sep 25, 2026· 61m 52s· 4 players
Game mode
Random Map
Map size
Medium (4 player)
Population
200
Speed
Normal
Resources
Standard
Victory
Conquest
Starting age
Dark Age
Ending age
Imperial Age
RankedLock teamsTeams togetherTeam positionsShared explorationLock speedFull tech treeHidden civsTurbo modeCheats
Victory
Defeat
🇩🇪 Britons · Germany
1034
+15
🇩🇪 Malay · Germany
944
+18
🇬🇧 Magyars · United Kingdom
1005
-17
🇬🇧 Mongols · United Kingdom
995
-16
Dr. Wurst
7:00 Loom
10:52 Feudal Age
11:48 Double-Bit Axe
18:38 Castle Age
16:53 Fletching
18:19 Gold Mining
18:15 Horse Collar
18:59 Scale Mail Armor
20:59 Gold Shaft Mining
21:21 Stone Mining
22:18 Bow Saw
22:56 Bodkin Arrow
23:59 Padded Archer Armor
31:44 Leather Archer Armor
33:14 Ballistics
33:04 Masonry
35:49 Imperial Age
33:55 Wheelbarrow
37:56 Chemistry
37:05 Bracer
37:47 Conscription
40:36 Two-Man Saw
40:43 Ring Archer Armor
40:51 Elite Longbowman
46:19 Yeomen
48:15 Hand Cart
52:34 Siege Engineers
62:24 Warwolf
Eckzahn
7:50 Loom
11:58 Feudal Age
19:53 Castle Age
20:12 Squires
24:43 Gold Mining
25:00 Pikeman
30:25 Fletching
33:55 Elite Skirmisher
36:36 Ballistics
37:01 Town Watch
37:53 Wheelbarrow
37:03 Horse Collar
37:12 Double-Bit Axe
42:27 Imperial Age
40:07 Heavy Plow
43:36 Town Patrol
43:37 Halberdier
47:34 Conscription
47:21 Forced Levy
48:58 Chemistry
48:09 Masonry
47:55 Murder Holes
48:53 Elite Battle Elephant
50:14 Hand Cart
51:29 Bow Saw
51:53 Bodkin Arrow
52:03 Scale Barding Armor
52:09 Forging
52:31 Husbandry
57:46 Iron Casting
57:11 Bracer
57:12 Padded Archer Armor
58:33 Crop Rotation
Kingzzman
4:04 Loom
9:55 Feudal Age
10:27 Double-Bit Axe
12:39 Horse Collar
19:05 Castle Age
17:12 Stone Mining
18:22 Forging
18:17 Scale Barding Armor
20:50 Bloodlines
23:40 Husbandry
24:55 Elite Skirmisher
28:17 Fletching
34:16 Ballistics
35:12 Thumb Ring
38:42 Imperial Age
37:18 Wheelbarrow
37:29 Padded Archer Armor
37:25 Bodkin Arrow
44:01 Chemistry
45:25 Chain Barding Armor
45:41 Iron Casting
45:06 Bracer
45:22 Leather Archer Armor
46:58 Caravan
46:45 Elite Steppe Lancer
49:01 Hand Cart
49:19 Murder Holes
56:40 Conscription
Solboss
4:26 Loom
10:34 Feudal Age
12:16 Double-Bit Axe
13:15 Horse Collar
15:06 Scale Barding Armor
21:16 Castle Age
19:51 Fletching
21:21 Padded Archer Armor
21:34 Bloodlines
21:47 Gold Mining
21:28 Light Cavalry
23:07 Elite Skirmisher
23:49 Bodkin Arrow
28:17 Chain Barding Armor
29:13 Ballistics
29:11 Husbandry
31:22 Leather Archer Armor
34:26 Wheelbarrow
35:15 Heavy Plow
40:59 Imperial Age
41:03 Bow Saw
41:09 Cavalier
45:10 Bracer
45:41 Ring Archer Armor
52:54 Corvinian Army
58:12 Chemistry
Connection lost

Rejoining the realm…

Still unreachable

The connection could not be restored.

Session expired

The server has moved on; the page needs a fresh start.